TOP OF THE 1ST |
University of Conneticut Huskies batting - Pitching for University of Southern California Trojans : RHP Ville Nyman
|
Pitching: RHP Ville Nyman
|
|
Batting: RHB Jordan Nicholas
|
0-0: Called Strike 0-1: Swinging Strike 0-2: Ball 1-2: Strikes out swinging
|
Batting: LHB Greg James
|
0-0: Called Strike 0-1: Called Strike 0-2: Ground out 4-3 (Groundball, 4, EV 82.5 MPH)
|
Batting: RHB Roku Kawano
|
0-0: Ball 1-0: Ball 2-0: Fly out, F7 (Flyball, 7S, EV 87.5 MPH)
|
Top of the 1st over - 0 runs, 0 hits, 0 errors, 0 left on base; University of Conneticut 0 - University of Southern California 0 |
BOTTOM OF THE 1ST |
University of Southern California Trojans batting - Pitching for University of Conneticut Huskies : RHP Jose Rios
|
Pitching: RHP Jose Rios
|
|
Batting: LHB Alonzo Catalan
|
0-0: Ground out 6-3 (Groundball, 56, EV 84.4 MPH)
|
Batting: RHB Jochen Schanz
|
0-0: Swinging Strike 0-1: Foul Ball, location: 2F 0-2: Ball 1-2: Strikes out swinging
|
Batting: SHB Jason Keys
|
0-0: Fly out, F9 (Flyball, 89XD, EV 97.5 MPH)
|
Bottom of the 1st over - 0 runs, 0 hits, 0 errors, 0 left on base; University of Conneticut 0 - University of Southern California 0 |
TOP OF THE 2ND |
University of Conneticut Huskies batting - Pitching for University of Southern California Trojans : RHP Ville Nyman
|
Batting: LHB Andrew Barzee
|
0-0: Ball 1-0: Called Strike 1-1: Called Strike 1-2: Ball 2-2: Ball 3-2: Base on Balls
|
Batting: LHB Hector Acosta
|
0-0: Ball 1-0: Fly out, F4 (Popup, 4MD, EV 65.0 MPH)
|
Batting: RHB Cullen Elliott
|
0-0: Ball 1-0: Foul Ball, location: 2F 1-1: Ball 2-1: Ball 3-1: Called Strike 3-2: Fly out, F9 (Flyball, 89D, EV 95.6 MPH)
|
Batting: RHB Victor Nava
|
0-0: Swinging Strike 0-1: Called Strike 0-2: Ball 1-2: Strikes out looking
|
Top of the 2nd over - 0 runs, 0 hits, 0 errors, 1 left on base; University of Conneticut 0 - University of Southern California 0 |
BOTTOM OF THE 2ND |
University of Southern California Trojans batting - Pitching for University of Conneticut Huskies : RHP Jose Rios
|
Batting: LHB Eli Evenson
|
0-0: Called Strike 0-1: Ball 1-1: Ball 2-1: Fly out, F2 (Popup, 3SF, EV 88.8 MPH)
|
Batting: RHB John Sandberg
|
0-0: Ball 1-0: Called Strike 1-1: Swinging Strike 1-2: Strikes out swinging
|
Batting: RHB Jim Baltazar
|
0-0: Ball 1-0: Foul Ball, location: 2F 1-1: Ball 2-1: Ball 3-1: Foul Ball, location: 2F 3-2: Ground out 6-3 (Groundball, 6M, EV 85.6 MPH)
|
Bottom of the 2nd over - 0 runs, 0 hits, 0 errors, 0 left on base; University of Conneticut 0 - University of Southern California 0 |
TOP OF THE 3RD |
University of Conneticut Huskies batting - Pitching for University of Southern California Trojans : RHP Ville Nyman
|
Batting: RHB Victor Ramos
|
0-0: Ball 1-0: Called Strike 1-1: Ball 2-1: Foul Ball, location: 2F 2-2: Foul Ball, location: 2F 2-2: Foul Ball, location: 2F 2-2: Strikes out swinging
|
Batting: RHB Jack Vokey
|
0-0: Ball 1-0: Ball 2-0: Called Strike 2-1: Called Strike 2-2: Ground out 5-3 (Groundball, 56, EV 91.2 MPH)
|
Batting: RHB Jordan Nicholas
|
0-0: Ball 1-0: Ball 2-0: Ball 3-0: Called Strike 3-1: Foul Ball, location: 2F 3-2: Foul Ball, location: 2F 3-2: Strikes out looking
|
Top of the 3rd over - 0 runs, 0 hits, 0 errors, 0 left on base; University of Conneticut 0 - University of Southern California 0 |
BOTTOM OF THE 3RD |
University of Southern California Trojans batting - Pitching for University of Conneticut Huskies : RHP Jose Rios
|
Batting: LHB Roger Kean
|
0-0: Ball 1-0: Foul Ball, location: 2F 1-1: Foul Ball, location: 2F 1-2: Strikes out looking
|
Batting: RHB Tri Kartini
|
0-0: Ball 1-0: Called Strike 1-1: Called Strike 1-2: Ball 2-2: Foul Ball, location: 2F 2-2: Ball 3-2: Strikes out swinging
|
Batting: RHB Bobby Basoco
|
0-0: Called Strike 0-1: SINGLE (Groundball, 56D, EV 106.9 MPH)
|
Batting: LHB Alonzo Catalan
|
0-0: Foul Ball, location: 2F 0-1: Foul Ball, location: 2F 0-2: Strikes out swinging, 2-3 out at first.
|
Bottom of the 3rd over - 0 runs, 1 hit, 0 errors, 1 left on base; University of Conneticut 0 - University of Southern California 0 |
TOP OF THE 4TH |
University of Conneticut Huskies batting - Pitching for University of Southern California Trojans : RHP Ville Nyman
|
Batting: LHB Greg James
|
0-0: Ball 1-0: SINGLE (Line Drive, 3D, EV 95.0 MPH)
|
Batting: RHB Roku Kawano
|
0-0: Ball 1-0: Ball 2-0: Called Strike 2-1: Foul Ball, location: 2F 2-2: Fielders Choice at 2nd, 6-4 (Groundball, 6, EV 85.6 MPH)
|
Batting: LHB Andrew Barzee
|
0-0: Ball 1-0: SINGLE (Groundball, 34D, EV 102.5 MPH) Roku Kawano to second Runner from 2nd tries for 3rd, OUT! 9-5
|
Batting: LHB Hector Acosta
|
0-0: Ball 1-0: Ball 2-0: Called Strike 2-1: DOUBLE (Line Drive, 9LS, EV 108.8 MPH) Andrew Barzee to third
|
Batting: RHB Cullen Elliott
|
0-0: Called Strike 0-1: Foul Ball, location: 2F 0-2: Foul Ball, location: 2F 0-2: Strikes out swinging
|
Top of the 4th over - 0 runs, 3 hits, 0 errors, 2 left on base; University of Conneticut 0 - University of Southern California 0 |
BOTTOM OF THE 4TH |
University of Southern California Trojans batting - Pitching for University of Conneticut Huskies : RHP Jose Rios
|
Batting: RHB Jochen Schanz
|
0-0: Called Strike 0-1: Swinging Strike 0-2: Foul Ball, location: 2F 0-2: Strikes out swinging
|
Batting: SHB Jason Keys
|
0-0: Called Strike 0-1: Ball 1-1: Ball 2-1: Ground out 6-3 (Groundball, 6, EV 88.8 MPH)
|
Batting: LHB Eli Evenson
|
0-0: Ground out U3 (Groundball, 3, EV 106.2 MPH)
|
Bottom of the 4th over - 0 runs, 0 hits, 0 errors, 0 left on base; University of Conneticut 0 - University of Southern California 0 |
TOP OF THE 5TH |
University of Conneticut Huskies batting - Pitching for University of Southern California Trojans : RHP Ville Nyman
|
Batting: RHB Victor Nava
|
0-0: Fly out, F9 (Flyball, 89M, EV 97.5 MPH)
|
Batting: RHB Victor Ramos
|
0-0: Ball 1-0: Ball 2-0: Foul Ball, location: 2F 2-1: Foul Ball, location: 2F 2-2: Strikes out swinging
|
Batting: RHB Jack Vokey
|
0-0: Swinging Strike 0-1: Ball 1-1: Ball 2-1: DOUBLE (Line Drive, 9LS, EV 101.2 MPH)
|
Batting: RHB Jordan Nicholas
|
0-0: Ball 1-0: Ball 2-0: Called Strike 2-1: Swinging Strike 2-2: Strikes out swinging
|
Top of the 5th over - 0 runs, 1 hit, 0 errors, 1 left on base; University of Conneticut 0 - University of Southern California 0 |
BOTTOM OF THE 5TH |
University of Southern California Trojans batting - Pitching for University of Conneticut Huskies : RHP Jose Rios
|
Batting: RHB John Sandberg
|
0-0: Called Strike 0-1: Called Strike 0-2: SINGLE (Groundball, 4MD, EV 95.0 MPH)
|
Batting: RHB Jim Baltazar
|
0-0: Foul Ball, location: 2F 0-1: Ball 1-1: Ball 2-1: Swinging Strike 2-2: Foul Ball, location: 2F 2-2: Ball 3-2: Strikes out swinging
|
Batting: LHB Roger Kean
|
0-0: Ball 1-0: Swinging Strike 1-1: Ball 2-1: Foul Ball, location: 2F 2-2: Strikes out swinging
|
Batting: RHB Tri Kartini
|
0-0: Ball 1-0: Ball 2-0: Called Strike 2-1: Ball 3-1: Foul Ball, location: 2F 3-2: Ground out 5-3 (Groundball, 5, EV 104.4 MPH)
|
Bottom of the 5th over - 0 runs, 1 hit, 0 errors, 1 left on base; University of Conneticut 0 - University of Southern California 0 |
TOP OF THE 6TH |
University of Conneticut Huskies batting - Pitching for University of Southern California Trojans : RHP Ville Nyman
|
Pitching: RHP Tom Applebee
|
|
Batting: LHB Greg James
|
0-0: Called Strike 0-1: Swinging Strike 0-2: Ground out 5-3 (Groundball, 5S, EV 90.6 MPH)
|
Batting: RHB Roku Kawano
|
0-0: Ball 1-0: Foul Ball, location: 2F 1-1: Called Strike 1-2: Foul Ball, location: 2F 1-2: Ball 2-2: Ball 3-2: Foul Ball, location: 2F 3-2: Base on Balls
|
Batting: LHB Andrew Barzee
|
0-0: Fielders Choice at 2nd, 3-6 (Groundball, 34, EV 88.8 MPH)
|
Batting: LHB Hector Acosta
|
0-0: Called Strike 0-1: Ball 1-1: Swinging Strike 1-2: Strikes out swinging
|
Top of the 6th over - 0 runs, 0 hits, 0 errors, 1 left on base; University of Conneticut 0 - University of Southern California 0 |
BOTTOM OF THE 6TH |
University of Southern California Trojans batting - Pitching for University of Conneticut Huskies : RHP Jose Rios
|
Batting: RHB Bobby Basoco
|
0-0: Called Strike 0-1: Ball 1-1: SINGLE (Flyball, 5D, EV 98.8 MPH)
|
Batting: LHB Alonzo Catalan
|
0-0: Fly out, F9 (Flyball, 9S, EV 84.4 MPH)
|
Batting: RHB Jochen Schanz
|
0-0: Ball 1-0: Swinging Strike 1-1: Ball 2-1: Foul Ball, location: 2F 2-2: Foul Ball, location: 2F 2-2: Ball 3-2: Strikes out swinging
|
Pitching: LHP Travis Ventresca
|
|
Batting: SHB Jason Keys
|
0-0: Foul Ball, location: 2F 0-1: Ball 1-1: Called Strike 1-2: Ball 2-2: Strikes out swinging
|
Bottom of the 6th over - 0 runs, 1 hit, 0 errors, 1 left on base; University of Conneticut 0 - University of Southern California 0 |
TOP OF THE 7TH |
University of Conneticut Huskies batting - Pitching for University of Southern California Trojans : RHP Tom Applebee
|
Pitching: RHP Lorenzo Garcia
|
|
Batting: RHB Cullen Elliott
|
0-0: Ball 1-0: Ball 2-0: Foul Ball, location: 2F 2-1: Foul Ball, location: 2F 2-2: Strikes out looking
|
Batting: RHB Victor Nava
|
0-0: Called Strike 0-1: Called Strike 0-2: Ball 1-2: Ball 2-2: Foul Ball, location: 2F 2-2: Strikes out looking
|
Batting: RHB Victor Ramos
|
0-0: Ball 1-0: Called Strike 1-1: Called Strike 1-2: Ball 2-2: Foul Ball, location: 2F 2-2: Reached on error, E3 (Groundball, 3, EV 82.5 MPH)
|
Batting: RHB Jack Vokey
|
0-0: Ground out 4-3 (Groundball, 4, EV 102.5 MPH)
|
Top of the 7th over - 0 runs, 0 hits, 1 error, 1 left on base; University of Conneticut 0 - University of Southern California 0 |
BOTTOM OF THE 7TH |
University of Southern California Trojans batting - Pitching for University of Conneticut Huskies : LHP Travis Ventresca
|
Batting: LHB Eli Evenson
|
0-0: Swinging Strike 0-1: Ground out U3 (Groundball, 3, EV 92.5 MPH)
|
Batting: RHB John Sandberg
|
0-0: Called Strike 0-1: Ball 1-1: Ball 2-1: SINGLE (Groundball, 6M, EV 86.9 MPH) (infield hit)
|
Batting: RHB Jim Baltazar
|
0-0: Foul Ball, location: 2F 0-1: Fly out, F3 (Popup, 3F, EV 61.9 MPH)
|
Batting: LHB Roger Kean
|
0-0: Called Strike Pickoff Throw to First - Out! 1-3 CS
|
Bottom of the 7th over - 0 runs, 1 hit, 0 errors, 0 left on base; University of Conneticut 0 - University of Southern California 0 |
TOP OF THE 8TH |
University of Conneticut Huskies batting - Pitching for University of Southern California Trojans : RHP Lorenzo Garcia
|
Pitching: RHP Gabe Hires
|
|
Batting: RHB Jordan Nicholas
|
0-0: Called Strike 0-1: Ground out 6-3 (Groundball, 56, EV 85.6 MPH)
|
Batting: LHB Greg James
|
0-0: Foul Ball, location: 2F 0-1: Foul Ball, location: 2F 0-2: Foul Ball, location: 2F 0-2: Fly out, F7 (Flyball, 7D, EV 100.6 MPH)
|
Batting: RHB Roku Kawano
|
0-0: Reached on error, E6 (Groundball, 6, EV 106.2 MPH)
|
Pitching: LHP Jaden Peay
|
|
Batting: LHB Andrew Barzee
|
0-0: Ground out U3 (Groundball, 3, EV 84.4 MPH)
|
Top of the 8th over - 0 runs, 0 hits, 1 error, 1 left on base; University of Conneticut 0 - University of Southern California 0 |
BOTTOM OF THE 8TH |
University of Southern California Trojans batting - Pitching for University of Conneticut Huskies : LHP Travis Ventresca
|
Batting: LHB Roger Kean
|
0-0: Called Strike 0-1: Swinging Strike 0-2: Strikes out swinging
|
Batting: RHB Tri Kartini
|
0-0: Called Strike 0-1: Foul Ball, location: 2F 0-2: Ball 1-2: Strikes out swinging
|
Batting: RHB Bobby Basoco
|
0-0: Called Strike 0-1: Ball 1-1: Ball 2-1: SINGLE (Groundball, 56S, EV 85.0 MPH) (infield hit)
|
Batting: LHB Alonzo Catalan
|
0-0: Called Strike 0-1: Called Strike 0-2: Ball 1-2: Strikes out swinging
|
Bottom of the 8th over - 0 runs, 1 hit, 0 errors, 1 left on base; University of Conneticut 0 - University of Southern California 0 |
TOP OF THE 9TH |
University of Conneticut Huskies batting - Pitching for University of Southern California Trojans : LHP Jaden Peay
|
Batting: LHB Hector Acosta
|
0-0: Ball 1-0: Ground out U3 (Groundball, 34S, EV 91.2 MPH)
|
Batting: RHB Cullen Elliott
|
0-0: Ball 1-0: Ball 2-0: Called Strike 2-1: Ball 3-1: Foul Ball, location: 2F 3-2: Ground out 6-3 (Groundball, 6, EV 102.5 MPH)
|
Batting: RHB Victor Nava
|
0-0: Called Strike 0-1: Foul Ball, location: 2F 0-2: Ball 1-2: Ball 2-2: Foul Ball, location: 2F 2-2: Foul Ball, location: 2F 2-2: Ball 3-2: Strikes out looking
|
Top of the 9th over - 0 runs, 0 hits, 0 errors, 0 left on base; University of Conneticut 0 - University of Southern California 0 |
BOTTOM OF THE 9TH |
University of Southern California Trojans batting - Pitching for University of Conneticut Huskies : LHP Travis Ventresca
|
Pitching: RHP Andy Barnitz
|
|
Batting: RHB Jochen Schanz
|
0-0: Ball 1-0: Called Strike 1-1: Ball 2-1: Ball 3-1: Fly out, F8 (Flyball, 8RM, EV 86.9 MPH)
|
Batting: SHB Jason Keys
|
0-0: Ball 1-0: Ball 2-0: Called Strike 2-1: Ground out U3 (Groundball, 34, EV 108.1 MPH)
|
Batting: LHB Eli Evenson
|
0-0: Called Strike 0-1: Foul Ball, location: 2F 0-2: Ball 1-2: Strikes out swinging
|
Bottom of the 9th over - 0 runs, 0 hits, 0 errors, 0 left on base; University of Conneticut 0 - University of Southern California 0 |
TOP OF THE 10TH |
University of Conneticut Huskies batting - Pitching for University of Southern California Trojans : LHP Jaden Peay
|
Pitching: RHP Aaron Haver
|
|
Batting: RHB Victor Ramos
|
0-0: Called Strike 0-1: Ball 1-1: SINGLE (Line Drive, 4MD, EV 107.5 MPH)
|
Batting: RHB Jack Vokey
|
0-0: Called Strike Victor Ramos is caught stealing 2nd base 2-4 0-1: Foul Ball, location: 2F 0-2: Ball 1-2: Foul Ball, location: 2F 1-2: Ball 2-2: Strikes out swinging
|
Batting: RHB Jordan Nicholas
|
0-0: Ball 1-0: Foul Ball, location: 2F 1-1: Ball 2-1: Ball 3-1: Called Strike 3-2: Foul Ball, location: 2F 3-2: SINGLE (Groundball, 6S, EV 73.8 MPH) (infield hit)
|
Batting: LHB Greg James
|
0-0: Called Strike 0-1: Fly out, F7 (Flyball, 78S, EV 95.6 MPH)
|
Top of the 10th over - 0 runs, 2 hits, 0 errors, 1 left on base; University of Conneticut 0 - University of Southern California 0 |
BOTTOM OF THE 10TH |
University of Southern California Trojans batting - Pitching for University of Conneticut Huskies : RHP Andy Barnitz
|
Batting: RHB John Sandberg
|
0-0: Called Strike 0-1: Fly out, F7 (Flyball, 7S, EV 91.9 MPH)
|
Batting: RHB Jim Baltazar
|
0-0: SINGLE (Groundball, 56D, EV 98.8 MPH)
|
Batting: LHB Roger Kean
|
0-0: Bunt missed! 0-1: Bunted foul 0-2: Foul Ball, location: 2F 0-2: Fly out, F8 (Flyball, 78M, EV 83.1 MPH)
|
Batting: RHB Tri Kartini
|
0-0: Fly out, F7 (Flyball, 78S, EV 96.2 MPH)
|
Bottom of the 10th over - 0 runs, 1 hit, 0 errors, 1 left on base; University of Conneticut 0 - University of Southern California 0 |
TOP OF THE 11TH |
University of Conneticut Huskies batting - Pitching for University of Southern California Trojans : RHP Aaron Haver
|
Pinch Hitting: RHB Matthew Lanford
|
0-0: Called Strike 0-1: Ball 1-1: SINGLE (Groundball, 6MD, EV 96.2 MPH)
|
Batting: LHB Andrew Barzee
|
0-0: Fielders Choice at 2nd, 6-4 (Groundball, 6, EV 88.8 MPH)
|
Batting: LHB Hector Acosta
|
0-0: Ball 1-0: Ball 2-0: SINGLE (Line Drive, 34D, EV 102.5 MPH) Andrew Barzee to second
|
Batting: RHB Cullen Elliott
|
0-0: Ball 1-0: Fly out, F3 (Line Drive, 3L, EV 68.1 MPH) Lined into DP, U3 (Line Drive, 3L, EV 66.2 MPH)
|
Top of the 11th over - 0 runs, 2 hits, 0 errors, 1 left on base; University of Conneticut 0 - University of Southern California 0 |
BOTTOM OF THE 11TH |
University of Southern California Trojans batting - Pitching for University of Conneticut Huskies : RHP Andy Barnitz
|
Now at C: Ismael Vega
|
|
Batting: RHB Bobby Basoco
|
0-0: Ball 1-0: Called Strike 1-1: Called Strike 1-2: Foul Ball, location: 2F 1-2: Strikes out swinging
|
Batting: LHB Alonzo Catalan
|
0-0: Ball 1-0: Ground out U3 (Groundball, 34, EV 107.5 MPH)
|
Batting: RHB Jochen Schanz
|
0-0: Called Strike 0-1: Foul Ball, location: 2F 0-2: Ball 1-2: Ball 2-2: Ball 3-2: SINGLE (Groundball, 6MS, EV 85.6 MPH) (infield hit)
|
Batting: SHB Jason Keys
|
0-0: Ball 1-0: Ball 2-0: Ball 3-0: Called Strike 3-1: Foul Ball, location: 2F 3-2: Strikes out looking
|
Bottom of the 11th over - 0 runs, 1 hit, 0 errors, 1 left on base; University of Conneticut 0 - University of Southern California 0 |
TOP OF THE 12TH |
University of Conneticut Huskies batting - Pitching for University of Southern California Trojans : RHP Aaron Haver
|
Pitching: RHP Tyshawn Calvin
|
|
Batting: RHB Victor Nava
|
0-0: Swinging Strike 0-1: Ball 1-1: Ball 2-1: Ball 3-1: Base on Balls
|
Batting: RHB Victor Ramos
|
0-0: Ball Victor Nava is caught stealing 2nd base 2-4 1-0: Ball 2-0: Ball 3-0: Called Strike 3-1: Foul Ball, location: 2F 3-2: SOLO HOME RUN (Flyball, 7D, EV 107.5 MPH), Distance : 421 ft
|
Batting: RHB Jack Vokey
|
0-0: Ball 1-0: Ball 2-0: Ball 3-0: Base on Balls
|
Batting: RHB Jordan Nicholas
|
0-0: Called Strike 0-1: Fly out, F8 (Flyball, 8LS, EV 90.6 MPH)
|
Batting: LHB Greg James
|
0-0: Ball 1-0: Fly out, F8 (Flyball, 8RXD, EV 98.8 MPH)
|
Top of the 12th over - 1 run, 1 hit, 0 errors, 1 left on base; University of Conneticut 1 - University of Southern California 0 |
BOTTOM OF THE 12TH |
University of Southern California Trojans batting - Pitching for University of Conneticut Huskies : RHP Andy Barnitz
|
Pitching: LHP William Garcia
|
|
Batting: LHB Eli Evenson
|
0-0: Ball 1-0: Called Strike 1-1: Swinging Strike 1-2: Ball 2-2: Strikes out swinging
|
Batting: RHB John Sandberg
|
0-0: Called Strike 0-1: SOLO HOME RUN (Flyball, 7D, EV 106.2 MPH), Distance : 404 ft
|
Batting: RHB Jim Baltazar
|
0-0: Ball 1-0: Fly out, F9 (Flyball, 9, EV 84.4 MPH)
|
Batting: LHB Roger Kean
|
0-0: Called Strike 0-1: Foul Ball, location: 2F 0-2: Ball 1-2: Ball 2-2: Ground out 4-3 (Groundball, 4M, EV 103.1 MPH)
|
Bottom of the 12th over - 1 run, 1 hit, 0 errors, 0 left on base; University of Conneticut 1 - University of Southern California 1 |
TOP OF THE 13TH |
University of Conneticut Huskies batting - Pitching for University of Southern California Trojans : RHP Tyshawn Calvin
|
Batting: SHB Ismael Vega
|
0-0: Ball 1-0: Foul Ball, location: 2F 1-1: Ball 2-1: Foul Ball, location: 2F 2-2: Fly out, F4 (Line Drive, 4, EV 68.1 MPH)
|
Batting: LHB Andrew Barzee
|
0-0: Foul Ball, location: 2F 0-1: Fly out, F9 (Flyball, 9LSF, EV 84.4 MPH)
|
Batting: LHB Hector Acosta
|
0-0: Ball 1-0: Ball 2-0: SINGLE (Groundball, 4, EV 95.6 MPH)
|
Batting: RHB Cullen Elliott
|
0-0: Ball 1-0: Called Strike 1-1: Ball 2-1: Ball 3-1: Foul Ball, location: 2F 3-2: Strikes out swinging
|
Top of the 13th over - 0 runs, 1 hit, 0 errors, 1 left on base; University of Conneticut 1 - University of Southern California 1 |
BOTTOM OF THE 13TH |
University of Southern California Trojans batting - Pitching for University of Conneticut Huskies : LHP William Garcia
|
Batting: RHB Tri Kartini
|
0-0: Called Strike 0-1: Foul Ball, location: 2F 0-2: Ball 1-2: Ball 2-2: Ground out U3 (Groundball, 34, EV 105.0 MPH)
|
Batting: RHB Bobby Basoco
|
0-0: Ball 1-0: Foul Ball, location: 2F 1-1: Ball 2-1: Foul Ball, location: 2F 2-2: Ground out 4-3 (Groundball, 4, EV 105.0 MPH)
|
Batting: LHB Alonzo Catalan
|
0-0: Ball 1-0: Fly out, F9 (Flyball, 9S, EV 95.6 MPH)
|
Bottom of the 13th over - 0 runs, 0 hits, 0 errors, 0 left on base; University of Conneticut 1 - University of Southern California 1 |
TOP OF THE 14TH |
University of Conneticut Huskies batting - Pitching for University of Southern California Trojans : RHP Tyshawn Calvin
|
Batting: RHB Victor Nava
|
0-0: Swinging Strike 0-1: Foul Ball, location: 2F 0-2: Fly out, F8 (Line Drive, 89M, EV 96.9 MPH)
|
Batting: RHB Victor Ramos
|
0-0: Ball 1-0: Swinging Strike 1-1: Called Strike 1-2: Ball 2-2: Foul Ball, location: 2F 2-2: Ball 3-2: Foul Ball, location: 2F 3-2: SINGLE (Line Drive, 89S, EV 106.2 MPH)
|
Pitching: RHP Enrique Zepeda
|
|
Batting: RHB Jack Vokey
|
0-0: Called Strike 0-1: DOUBLE (Line Drive, 78XD, EV 102.5 MPH) Victor Ramos to third Runner from 3rd tries for Home, throw by LF and OUT! 7-6-2
|
Batting: RHB Jordan Nicholas
|
0-0: Ball 1-0: Reached on error, E6 (Groundball, 6M, EV 83.1 MPH) Jack Vokey to third
|
Batting: LHB Greg James
|
0-0: Swinging Strike 0-1: Ball 1-1: Foul Ball, location: 2F 1-2: Strikes out swinging
|
Top of the 14th over - 0 runs, 2 hits, 1 error, 2 left on base; University of Conneticut 1 - University of Southern California 1 |
BOTTOM OF THE 14TH |
University of Southern California Trojans batting - Pitching for University of Conneticut Huskies : LHP William Garcia
|
Batting: RHB Jochen Schanz
|
0-0: Foul Ball, location: 2F 0-1: Ball 1-1: Called Strike 1-2: Foul Ball, location: 2F 1-2: Ground out 3-1 (Groundball, 34, EV 81.9 MPH)
|
Batting: SHB Jason Keys
|
0-0: Swinging Strike 0-1: Ball 1-1: Foul Ball, location: 2F 1-2: Ground out 6-3 (Groundball, 6, EV 100.6 MPH)
|
Pitching: LHP Jesus Cordero
|
|
Batting: LHB Eli Evenson
|
0-0: Swinging Strike 0-1: Ball 1-1: Swinging Strike 1-2: Foul Ball, location: 2F 1-2: Foul Ball, location: 2F 1-2: Ball 2-2: Ball 3-2: Foul Ball, location: 2F 3-2: Ground out 6-3 (Groundball, 6, EV 91.9 MPH)
|
Bottom of the 14th over - 0 runs, 0 hits, 0 errors, 0 left on base; University of Conneticut 1 - University of Southern California 1 |
TOP OF THE 15TH |
University of Conneticut Huskies batting - Pitching for University of Southern California Trojans : RHP Enrique Zepeda
|
Batting: SHB Ismael Vega
|
0-0: Foul Ball, location: 2F 0-1: Ball 1-1: Ball 2-1: Foul Ball, location: 2F 2-2: Foul Ball, location: 2F 2-2: Strikes out swinging
|
Batting: LHB Andrew Barzee
|
0-0: Foul Ball, location: 2F 0-1: Swinging Strike 0-2: Strikes out swinging
|
Batting: LHB Hector Acosta
|
0-0: Foul Ball, location: 2F 0-1: Fly out, F6 (Popup, 6M, EV 70.0 MPH)
|
Top of the 15th over - 0 runs, 0 hits, 0 errors, 0 left on base; University of Conneticut 1 - University of Southern California 1 |
BOTTOM OF THE 15TH |
University of Southern California Trojans batting - Pitching for University of Conneticut Huskies : LHP Jesus Cordero
|
Batting: RHB John Sandberg
|
0-0: Ball 1-0: Called Strike 1-1: Ball 2-1: DOUBLE (Line Drive, 89D, EV 106.9 MPH)
|
Batting: RHB Jim Baltazar
|
0-0: Intentional Walk
|
Batting: LHB Roger Kean
|
0-0: Bunt missed! 0-1: Bunt missed! 0-2: SINGLE (Groundball, 56S, EV 98.8 MPH) John Sandberg to third Jim Baltazar to second Runner from 3rd tries for Home, SAFE, throw by LF to home
|
Bottom of the 15th over - 1 run, 2 hits, 0 errors, 2 left on base; University of Conneticut 1 - University of Southern California 2 |
|